Map: [ESL] Oceanborn

Players

Jieshi - Winner!

  • Race: Protoss Protoss
  • Spawn Location: 5:00

SCV

  • Race: Protoss Protoss
  • Spawn Location: 11:00

Event: ESL SC2 Masters 2024 Spring (Regional)

VOD

Have the link to the VOD?

Description

Time

  • Played on: April 11, 2024, 7:23 a.m.
  • Length: 6:49

All games in this series

Show
View Real Time Build Order
Export as new Build Order

Jieshi Protoss - Winner!

Build Orders:  

Get SALT Encoding   

  12  0:00  Probe  
  13  0:12  Probe  
  14  0:17  Pylon  
  14  0:24  Probe (Chrono Boost)  
  15  0:36  Gateway  
  15  0:37  Probe (Chrono Boost)  
  16  0:44  Probe (Chrono Boost)  
  16  0:47  Assimilator  
  17  0:51  Probe  
  17  0:54  Assimilator  
  18  1:03  Probe (Chrono Boost)  
  19  1:07  Gateway  
  19  1:13  Probe (Chrono Boost)  
  19  1:18  Probe (Chrono Boost)  
  20  1:23  Cybernetics Core  
  21  1:29  Probe  
  22  1:34  Pylon  
  22  1:41  Probe  
  23  1:53  Probe  
  24  1:59  Warp Gate  
  24  2:00  Sentry  
  26  2:16  Nexus  
  26  2:23  Pylon  
  26  2:25  Sentry  
  26  2:28  Probe  
  31  2:40  Probe  
  31  2:44  Robotics Facility  
  30  2:50  Sentry  
  32  2:52  Probe  
  33  3:01  Pylon  
  33  3:04  Probe  
  34  3:06  Shield Battery  
  34  3:17  Probe (Chrono Boost)  
  36  3:28  Warp Prism (Chrono Boost)  
  36  3:29  Probe (Chrono Boost)  
  38  3:35  Probe (Chrono Boost)  
  38  3:38  Twilight Council  
  38  3:39  Probe (Chrono Boost)  
  40  3:48  Probe (Chrono Boost)  
  42  3:49  Probe (Chrono Boost)  
  42  3:53  Probe, Adept x2  
  47  3:56  Observer  
  47  3:57  Probe  
  49  4:05  Probe  
  49  4:09  Probe  
  51  4:14  Gateway  
  51  4:18  Immortal (Chrono Boost)  
  55  4:25  Adept x2  
  55  4:26  Probe  
  58  4:31  Resonating Glaives (Chrono Boost)  
  58  4:36  Probe  
  57  4:39  Probe  
  58  4:49  Immortal  
  62  4:55  Observer  
  60  5:06  Probe x2, Gateway  
  62  5:08  Gateway  
  62  5:10  Pylon  
  58  5:18  Adept x2  
  58  5:19  Immortal  
  58  5:21  Gateway  
  62  5:25  Pylon  
  62  5:31  Adept  
  68  5:37  Pylon  
  68  5:46  Pylon  
  68  5:49  Adept x2  
  72  5:54  Adept  
  74  6:01  Adept  
  74  6:05  Adept  
  76  6:13  Adept x2  
  76  6:14  Immortal (Chrono Boost)  
  76  6:16  Adept x2  
  88  6:20  Pylon  
  88  6:34  Adept x3  
  88  6:39  Adept x3  
Show
View Real Time Build Order
Export as new Build Order

SCV Protoss 

Build Orders: Phoenix Opening, Blink Stalkers 

Get SALT Encoding   

  12  0:00  Probe  
  13  0:12  Probe  
  14  0:17  Pylon  
  14  0:24  Probe (Chrono Boost)  
  15  0:36  Probe (Chrono Boost), Gateway  
  16  0:43  Probe (Chrono Boost)  
  16  0:45  Assimilator  
  17  0:51  Probe  
  18  1:03  Probe (Chrono Boost)  
  19  1:04  Assimilator  
  19  1:08  Gateway  
  19  1:14  Probe (Chrono Boost)  
  20  1:18  Probe (Chrono Boost)  
  20  1:24  Cybernetics Core  
  21  1:29  Probe  
  22  1:33  Pylon  
  22  1:41  Probe  
  23  1:53  Probe  
  24  2:01  Warp Gate  
  28  2:05  Sentry  
  28  2:07  Pylon  
  26  2:23  Nexus  
  26  2:24  Probe  
  27  2:31  Sentry  
  27  2:35  Phoenix  
  27  2:36  Probe  
  30  2:38  Stalker  
  32  2:48  Probe  
  32  2:51  Twilight Council  
  33  3:00  Probe  
  33  3:02  Stalker  
  36  3:09  Pylon  
  37  3:12  Probe (Chrono Boost)  
  37  3:19  Blink (Chrono Boost)  
  37  3:25  Probe (Chrono Boost)  
  38  3:32  Probe (Chrono Boost)  
  39  3:36  Probe (Chrono Boost)  
  39  3:39  Probe  
  41  3:48  Probe, Adept x2  
  42  3:51  Probe  
  47  4:00  Probe  
  48  4:03  Probe  
  49  4:10  Gateway  
  49  4:11  Stalker x2  
  49  4:12  Probe  
  49  4:15  Probe  
  55  4:24  Probe  
  55  4:27  Probe  
  55  4:30  Pylon  
  57  4:36  Stalker x2  
  57  4:41  Nexus  
  57  4:43  Probe  
  57  4:44  Probe  
  55  4:56  Probe  
  55  4:57  Probe  
  53  5:01  Stalker x2  
  53  5:05  Stalker  
  59  5:11  Phoenix  
  59  5:12  Probe x2  
  59  5:25  Probe x2  
  59  5:27  Robotics Facility  
  61  5:33  Adept x2  
  65  5:35  Assimilator  
  65  5:38  Probe x2  
  67  5:43  Pylon  
  67  5:50  Probe x2  
  67  5:55  Shield Battery  
  69  6:04  Stalker x3  
  73  6:11  Shield Battery  
  71  6:18  Gateway  
  71  6:20  Gateway  
  73  6:33  Stalker  
  73  6:34  Stalker x2  
Tags
 
Add a new tag
Caveats
  • Supply blocks, unpowered buildings, or Contaminate may cause inaccurate times.
  • Supply counts are checked every 10 seconds.